 Dungeon Crawl Stone Soup version 0.31-a0-151-ge443d1f16c (webtiles) character file.

Game seed: 8832319943221789794

101147 qw the Marksminotaur (level 15, -5/147 HPs)
             Began as a Minotaur Hunter on June 8, 2023.
             Was an Elder of Okawaru.
             Slain by a ghost moth (10 damage)
             ... on level 2 of the Spider Nest.
             The game lasted 00:10:40 (22427 turns).

qw the Marksminotaur (Minotaur Hunter)             Turns: 22427, Time: 00:10:40

Health: -5/147     AC: 15    Str: 24 (25) XL:     15   Next: 82%
Magic:  0/21       EV: 29    Int: 10      God:    Okawaru [****..]
Gold:   1583       SH:  5    Dex: 23      Spells: 14/14 levels left

rFire   + . .        t - +9 longbow of Capital Punishment {heavy, *Slow rF+ rN+ Str+3 SInv}
rCold   . . .        (shield currently unavailable)
rNeg    + + .        k - +4 robe of Augmentation {Str+4 Int+4 Dex+4}
rPois   .            i - +2 hat
rElec   .            m - scarf {repulsion}
rCorr   +            w - +1 pair of gloves
SInv    +            p - +2 pair of boots {rampage}
Will    +....        a - amulet of reflection
Stlth   ++++         e - ring of positive energy
HPRegen 0.44/turn    q - ring of resist corrosion
MPRegen 0.17/turn

%: slow self (1%), repel missiles, reflection, rampage
@: lethally poisoned (-5 -> -42), about to teleport, heroic
A: horns 2, retaliatory headbutt
a: Renounce Religion, Heroism, Finesse


You were on level 2 of the Spider Nest.
You worshipped Okawaru.
Okawaru was greatly pleased with you.
You visited 5 branches of the dungeon, and saw 25 of its levels.
You also visited: Gauntlet.

You collected 2603 gold pieces.
You spent 1020 gold pieces at shops.


Innate Abilities, Weirdness & Mutations

You have a pair of horns on your head.
You reflexively headbutt those who attack you in melee.


   Skills:
 - Level 17.0(22.0) Fighting
 - Level 20.0(25.0) Ranged Weapons
 - Level 6.3(11.3) Armour
 + Level 14.8(19.8) Dodging
 - Level 0.7(5.7) Stealth
 - Level 10.0 Invocations


You had 14 spell levels left.
You didn't know any spells.
Your spell library was empty.

Inventory:

Hand Weapons
 s - a +2 orcbow of flaming
 t - the +9 longbow of Capital Punishment (weapon) {heavy, *Slow rF+ rN+ Str+3 SInv}
   (You acquired it on level 12 of the Dungeon)

   Str:       It affects your strength (+3).
   rF:        It protects you from fire.
   rN:        It protects you from negative energy.
   SInv:      It lets you see invisible.
   *Slow:     It may slow you when you take damage.
Armour
 i - a +2 hat (worn)
 k - the +4 robe of Augmentation (worn) {Str+4 Int+4 Dex+4}
   (You found it on level 3 of the Dungeon)

   Str:       It affects your strength (+4).
   Int:       It affects your intelligence (+4).
   Dex:       It affects your dexterity (+4).
 m - a scarf of repulsion (worn)
 n - a +1 cloak
 p - a +2 pair of boots of rampaging (worn)
 w - a +1 pair of gloves (worn)
 x - the +1 pair of boots "Yscheceip" {Will- rCorr Str+2 Int+5}
   (You bought it in a shop on level 2 of the Orcish Mines)

   Str:       It affects your strength (+2).
   Int:       It affects your intelligence (+5).
   rCorr:     It protects you from acid and corrosion.
   Will:      It decreases your willpower.
 z - a +2 leather armour of fire resistance
Jewellery
 a - an amulet of reflection (around neck)
 e - a ring of positive energy (left hand)
 q - a ring of resist corrosion (right hand)
 u - a ring of ice
 A - a ring of fire
Wands
 v - a wand of digging (8)
Scrolls
 c - 11 scrolls of identify
 d - 2 scrolls of brand weapon
 r - 2 scrolls of teleportation
Potions
 b - 7 potions of curing
 f - 5 potions of mutation
 g - 2 potions of resistance
 h - 5 potions of haste
 j - 8 potions of might
 l - a potion of magic
 o - 2 potions of cancellation
 B - 2 potions of berserk rage {unknown}

Dungeon Overview and Level Annotations

Branches:
Dungeon (15/15)            Temple (1/1) D:7            Lair (5/5) D:11
  Swamp (0/4) Lair:2       Spider (2/4) Lair:3        Slime (0/5) Lair:5
    Orc (2/2) D:10            Elf (0/3) Orc:2        Vaults (0/5) D:14
 Depths (0/4) D:15        Gauntlet (visited)

Altars:
Ashenzari
Cheibriados
Dithmenos
Elyvilon
Fedhas
Gozag
Hepliaklqana
Kikubaaqudgha
Makhleb
Nemelex Xobeh
Okawaru
Qazlal
Ru
Sif Muna
Trog
Uskayaw
Vehumet
Wu Jian
Xom
Yredelemnul
Zin
The Shining One

Shops:
D:15 [   Orc:2 [[(:

Portals:
Hell: Lair:5
Trove: D:10 (give 7 scrolls of fear)

Annotations:
D:9 1 runed translucent door, qw's ghost, journeyman MiHu
D:11 1 runed translucent door
D:13 1 runed translucent door, Leinaam's ghost, journeyman MiBe
Lair:3 3 runed translucent doors, qw's ghost, journeyman GrHu


Message History

You shoot an arrow. The arrow hits the redback!!!
You kill the redback!
Okawaru accepts your kill.
You feel very sick. You block the jumping spider's attack.
The jumping spider closely misses you. The ghost moth stares at you.
You feel your power leaking away. The ghost moth completely misses you.
The ghost moth hits you but does no damage.
The ghost moth barely misses you.
The redback is healed somewhat.
The jumping spider leaps!
You block the redback's attack.
The jumping spider completely misses you.
You furiously retaliate!
You headbutt the jumping spider. The jumping spider closely misses you.
You shoot an arrow. The arrow hits the culicivora!!!
You kill the culicivora!
Okawaru accepts your kill.
You feel very sick. The redback bites you.
You are lethally poisoned!
The redback poisons you! The jumping spider barely misses you.
You furiously retaliate!
You headbutt the jumping spider! The jumping spider closely misses you.
The ghost moth stares at you. The ghost moth hits you.
You feel weakened.
The ghost moth hits you but does no damage.
You block the ghost moth's attack. The redback completely misses you.
You furiously retaliate!
You headbutt the redback, but do no damage.
The redback bites you!
The jumping spider leaps!
The ghost moth misses you. The ghost moth completely misses you.
The ghost moth closely misses you.
22427 ||| READING 3 scrolls of teleportation.
As you read the scroll of teleportation, it crumbles to dust.
You feel strangely unstable.
You feel extremely sick. The redback completely misses you.
The jumping spider leaps!
The redback completely misses you.
The jumping spider leaps!
The ghost moth hits you!
You die... .. . .#! ..# #ss

###.#
##.s0##
#..#..#
##0s#0#..<
#s@s.s.#
#.#y#.##..#
#.
#..#...#.#
.% ..#.#.#.
.# 0.
..#...##.#
. ## .# #
.. # .# #..
.##


You could see a ghost moth (invisible), 2 orb spiders, a jumping spider and 2
redbacks.

Vanquished Creatures
  Rupert (Lair:4)
  Agnes (D:14)
  A fire giant (D:12)
  Louise (D:15)
  A broodmother (Spider:2)
  A minotaur (Gauntlet)
  An ettin (Orc:2)
  Snorg (Lair:4)
  A yaktaur captain (D:14)
  3 catoblepae
  3 rakshasas (D:15)
  A hell beast (Lair:5)
  12 hydras
  2 centaur warriors
  13 two-headed ogres
  6 boulder beetles
  Urug (D:12)
  5 death yaks (Lair:5)
  Sonja (Orc:1)
  A sun moth (Spider:1)
  Nergalle (Orc:1)
  Lodul (D:10)
  A fire crab (shapeshifter) (D:15)
  A glowing orange brain (D:15)
  3 skeletal warriors (D:14)
  An orb spider (Spider:1)
  A steelbarb worm (Spider:1)
  An orc knight (Orc:2)
  A wizard (Lair:5)
  19 ugly things
  2 wolf spiders (Spider:2)
  7 cyclopes
  An orc sorcerer (Orc:2)
  2 manticores
  4 elephants
  9 black mambas
  2 gargoyles
  An apocalypse crab (Gauntlet)
  3 torpor snails
  4 orange demons (Lair:5)
  A smoke demon (Lair:5)
  12 cane toads
  5 rime drakes
  11 komodo dragons
  3 kobold demonologists
  2 yaktaurs (D:14)
  An efreet (D:14)
  A red devil (Lair:5)
  A queen bee (Lair:3)
  5 trolls
  3 meliai (Spider:1)
  A polar bear (Lair:3)
  24 blink frogs
  3 tarantellas
  4 dream sheep (Lair:5)
  3 jumping spiders
  A shadow (D:11)
  3 culicivoras
  6 slime creatures (D:15)
  A slime creature (shapeshifter) (D:15)
  A wraith (D:11)
  16 yaks
  A wyvern (D:9)
  A steam dragon (D:8)
  7 basilisks
  8 vampire mosquitoes
  5 redbacks
  A warg (Orc:2)
  14 water moccasins
  An acid dragon (D:8)
  8 swamp worms
  4 hell hounds (Lair:5)
  28 orc warriors
  3 sky beasts
  A black bear (shapeshifter) (D:14)
  9 black bears
  15 ogres
  22 wolves
  18 centaurs
  A phantom (D:5)
  7 kobold brigands
  11 bullfrogs
  A gnoll sergeant (D:8)
  A scorpion (Lair:1)
  11 wights
  34 killer bees
  2 howler monkeys (D:12)
  2 hounds
  3 jellies
  2 gnoll boudas
  15 orc priests
  Terence (D:3)
  4 iguanas
  15 orc wizards
  6 gnolls
  10 adders
  3 ufetubi
  3 worms
  3 dart slugs
  54 orcs
  5 bats
  11 endoplasms
  A giant cockroach (D:2)
  7 goblins
  11 hobgoblins
  4 jackals (D:2)
  4 quokkas
  9 ball pythons
  5 frilled lizards
  24 kobolds
  4 rats
650 creatures vanquished.

Notes
Turn   | Place    | Note
-------+----------+-------------------------------------------
     0 | D:1      | qw the Minotaur Hunter began the quest for the Orb.
     0 | D:1      | Reached XP level 1. HP: 18/18 MP: 0/0
     0 | D:1      | 0 ||| qw: Version: 0.2-a-120-gdf1a93b
     0 | D:1      | 0 ||| qw: Game counter: 3085
     0 | D:1      | 0 ||| qw: Always use a shield: true
     0 | D:1      | 0 ||| qw: God list: Okawaru
     0 | D:1      | 0 ||| qw: Allow faded altars: false
     0 | D:1      | 0 ||| qw: Do Orc after D:15 true
     0 | D:1      | 0 ||| qw: Do second Lair branch before Depths: true
     0 | D:1      | 0 ||| qw: Lair rune preference: random
     0 | D:1      | 0 ||| qw: Plans: Normal
     0 | D:1      | 0 ||| PLANNING D:1-11
    89 | D:1      | Reached XP level 2. HP: 20/25 MP: 1/1
   177 | D:1      | Reached skill level 5 in Ranged Weapons
   267 | D:1      | Reached skill level 3 in Fighting
   432 | D:1      | 432 ||| UPGRADING to +0 ring mail.
   442 | D:1      | 442 ||| DROPPING +0 leather armour.
   443 | D:1      | 443 ||| READING scroll labelled VUMAELOQOAS.
   444 | D:1      | 444 ||| READING scroll labelled DENGAUMUEC.
   445 | D:1      | 445 ||| DROPPING scroll of butterflies.
   635 | D:2      | Reached XP level 3. HP: 31/31 MP: 2/2
   655 | D:2      | Reached skill level 1 in Armour
   970 | D:2      | 970 ||| DROPPING +6 ring of intelligence.
   971 | D:2      | 971 ||| READING 2 scrolls labelled JOTIOHOASA.
   972 | D:2      | 972 ||| READING scroll labelled YLIAVA GUBAYWI.
   973 | D:2      | 973 ||| READING scroll labelled PEINUK MUAG.
  1026 | D:2      | 1026 ||| DRINKING 2 glowing clear potions.
  1064 | D:3      | 1064 ||| STAIRDANCE
  1228 | D:3      | Reached XP level 4. HP: 38/38 MP: 3/3
  1229 | D:3      | 1229 ||| FLEEEEING.
  1233 | D:3      | 1233 ||| FLEEEEING.
  1345 | D:3      | Noticed Terence
  1357 | D:3      | Killed Terence
  1358 | D:3      | Reached skill level 6 in Ranged Weapons
  1463 | D:3      | 1463 ||| Stepping ~*~*~tactically~*~*~ (water).
  1473 | D:3      | Found the +4 robe of Augmentation {Str+4 Int+4 Dex+4}
  1484 | D:3      | HP: 8/38 [adder (2)]
  1491 | D:3      | Reached XP level 5. HP: 11/46 MP: 4/4
  1493 | D:3      | HP: 11/46 [orc/+0 dagger (1)]
  1495 | D:3      | HP: 1/46 [orc/+0 club (5)]
  1694 | D:3      | 1694 ||| Stepping ~*~*~tactically~*~*~ (water).
  1757 | D:3      | 1757 ||| Stepping ~*~*~tactically~*~*~ (water).
  1845 | D:3      | 1845 ||| UPGRADING to +4 robe of Augmentation {Str+4 Int+4
                  | Dex+4}.
  1855 | D:3      | 1855 ||| DROPPING +0 ring mail.
  1856 | D:3      | 1856 ||| UPGRADING to amulet of reflection.
  1861 | D:3      | 1861 ||| READING scroll labelled SEABLI OCLUTHU.
  1866 | D:3      | 1866 ||| READING scroll labelled YWI PEIRCHETUINGE.
  1866 | D:3      | Identified a scroll of acquirement
  1866 | D:3      | 1866 ||| ACQUIRING +1 shortbow of flaming
  1866 | D:3      | Acquired a +1 shortbow of flaming
  1868 | D:3      | 1868 ||| SWAPPING to +1 shortbow of flaming.
  1869 | D:3      | 1869 ||| DROPPING +0 shortbow.
  1870 | D:3      | 1870 ||| DRINKING 2 coppery potions.
  1871 | D:3      | 1871 ||| DRINKING 2 brown potions.
  1872 | D:3      | 1872 ||| READING 2 scrolls of identify.
  1872 | D:3      | 1872 ||| IDENTIFYING viscous blue potion
  1873 | D:3      | 1873 ||| DROPPING potion of degeneration.
  1874 | D:3      | 1874 ||| DROPPING potion of magic.
  2019 | D:4      | Reached skill level 3 in Dodging
  2119 | D:4      | Noticed a black bear
  2123 | D:4      | Killed a black bear
  2124 | D:4      | Reached skill level 7 in Ranged Weapons
  2124 | D:4      | Reached XP level 6. HP: 52/52 MP: 5/5
  2178 | D:4      | Found a bloodstained altar of Trog.
  2494 | D:4      | You fall into a shaft and drop 3 floors!
  2504 | D:7      | Noticed a sky beast
  2509 | D:7      | Killed a sky beast
  2510 | D:7      | Reached skill level 8 in Ranged Weapons
  2510 | D:7      | Reached XP level 7. HP: 54/59 MP: 6/6
  2523 | D:7      | HP: 14/59 [poisoned by a kobold brigand]
  2524 | D:7      | 2524 ||| DRINKING potion of heal wounds.
  2673 | D:7      | 2673 ||| READING 2 scrolls labelled REXIXAPOGHA.
  2685 | D:5      | Entered Level 5 of the Dungeon
  2738 | D:5      | 2738 ||| DROPPING +4 sling.
  2770 | D:5      | Reached skill level 9 in Ranged Weapons
  2800 | D:5      | 2800 ||| READING scroll labelled FOYX BAPENWO.
  2801 | D:5      | 2801 ||| DRINKING 2 black potions.
  2802 | D:5      | 2802 ||| READING 2 scrolls of identify.
  2802 | D:5      | 2802 ||| IDENTIFYING golden potion
  2930 | D:4      | Reached XP level 8. HP: 58/70 MP: 7/7
  3077 | D:5      | Reached skill level 6 in Fighting
  3103 | D:5      | Found a glowing silver altar of Zin.
  3461 | D:5      | Reached skill level 10 in Ranged Weapons
  3609 | D:5      | 3609 ||| UPGRADING to ring of positive energy.
  3610 | D:5      | 3610 ||| READING 2 scrolls labelled VIMUIC MONTEU.
  3611 | D:5      | 3611 ||| READING scroll of enchant weapon.
  3611 | D:5      | 3611 ||| ENCHANTING +2 shortbow of flaming.
  3612 | D:5      | 3612 ||| READING scroll labelled AGHUBE ECUGIWY.
  3733 | D:6      | 3733 ||| SWAPPING to +0 orcbow.
  3947 | D:6      | Reached skill level 11 in Ranged Weapons
  4562 | D:7      | 4562 ||| Stepping ~*~*~tactically~*~*~ (outnumbered).
  4564 | D:7      | 4564 ||| Stepping ~*~*~tactically~*~*~ (outnumbered).
  4566 | D:7      | 4566 ||| Stepping ~*~*~tactically~*~*~ (outnumbered).
  4569 | D:7      | Reached XP level 9. HP: 79/79 MP: 8/8
  4612 | D:7      | Found a staircase to the Ecumenical Temple.
  4613 | D:7      | 4613 ||| PLANNING TEMPLE
  4613 | D:7      | 4613 ||| UPGRADING to +0 cloak.
  4618 | D:7      | 4618 ||| READING scroll of enchant armour.
  4618 | D:7      | 4618 ||| ENCHANTING +0 cloak.
  4630 | D:7      | Reached skill level 6 in Dodging
  4633 | Temple   | Entered the Ecumenical Temple
  4634 | Temple   | 4634 ||| PLANNING OKAWARU WORSHIP
  4655 | Temple   | Became a worshipper of Warmaster Okawaru
  4655 | Temple   | 4655 ||| PLANNING D:1-11
  4690 | D:7      | 4690 ||| READING scroll of enchant weapon.
  4690 | D:7      | 4690 ||| ENCHANTING +0 orcbow.
  5059 | D:7      | 5059 ||| Stepping ~*~*~tactically~*~*~ (outnumbered).
  5065 | D:7      | 5065 ||| FLEEEEING.
  5075 | D:7      | 5075 ||| Stepping ~*~*~tactically~*~*~ (outnumbered).
  5183 | D:7      | 5183 ||| UPGRADING to +1 pair of boots of rampaging.
  5188 | D:7      | 5188 ||| DROPPING ring of magical power.
  5370 | D:8      | Reached skill level 12 in Ranged Weapons
  5480 | D:8      | Found a snail-covered altar of Cheibriados.
  5525 | D:8      | Reached * piety under Okawaru
  5549 | D:8      | Noticed a boulder beetle
  5549 | D:8      | Noticed a two-headed ogre
  5550 | D:8      | 5550 ||| INVOKING Heroism.
  5557 | D:8      | Killed a two-headed ogre
  5558 | D:8      | Reached skill level 9 in Fighting
  5561 | D:8      | 5561 ||| Stepping ~*~*~tactically~*~*~ (outnumbered).
  5564 | D:8      | Reached skill level 1 in Invocations
  5564 | D:8      | 5564 ||| INVOKING Heroism.
  5565 | D:8      | 5565 ||| INVOKING Heroism.
  5566 | D:8      | 5566 ||| INVOKING Heroism.
  5582 | D:8      | Killed a boulder beetle
  5583 | D:8      | Reached XP level 10. HP: 59/92 MP: 6/11
  5583 | D:8      | 5583 ||| INVOKING Heroism.
  5587 | D:8      | Reached skill level 3 in Invocations
  5704 | D:8      | 5704 ||| READING scroll of enchant armour.
  5704 | D:8      | 5704 ||| ENCHANTING +1 pair of boots of rampaging.
  5717 | D:8      | 5717 ||| INVOKING Heroism.
  5727 | D:8      | Noticed a two-headed ogre
  5731 | D:8      | HP: 20/92 [two-headed ogre/+0 giant club (28)]
  5732 | D:8      | 5732 ||| READING scroll of teleportation.
  5733 | D:8      | 5733 ||| DRINKING potion of heal wounds.
  5734 | D:8      | Killed a two-headed ogre
  5734 | D:8      | Reached ** piety under Okawaru
  5940 | D:8      | Reached skill level 13 in Ranged Weapons
  6001 | D:8      | Found a shadowy altar of Dithmenos.
  6001 | D:8      | Found a shimmering altar of Xom.
  6001 | D:8      | Found a broken altar of Ashenzari.
  6105 | D:8      | 6105 ||| UPGRADING to ring of resist corrosion.
  6106 | D:8      | 6106 ||| DRINKING 2 fuming brown potions.
  6107 | D:8      | 6107 ||| DROPPING potion of attraction.
  6243 | D:9      | Noticed qw's ghost (journeyman MiHu)
  6246 | D:9      | Found a runed translucent door.
  6780 | D:9      | 6780 ||| DRINKING 3 white potions.
  6781 | D:9      | 6781 ||| DROPPING 2 potions of enlightenment.
  6800 | D:10     | Entered Level 10 of the Dungeon
  6841 | D:10     | Noticed a two-headed ogre
  6842 | D:10     | 6842 ||| INVOKING Heroism.
  6847 | D:10     | Killed a two-headed ogre
  6959 | D:10     | Found a staircase to the Orcish Mines.
  6978 | D:10     | Reached *** piety under Okawaru
  7079 | D:10     | 7079 ||| FLEEEEING.
  7080 | D:10     | 7080 ||| FLEEEEING.
  7081 | D:10     | 7081 ||| FLEEEEING.
  7084 | D:10     | 7084 ||| FLEEEEING.
  7085 | D:10     | 7085 ||| FLEEEEING.
  7086 | D:10     | 7086 ||| FLEEEEING.
  7087 | D:10     | 7087 ||| FLEEEEING.
  7088 | D:10     | 7088 ||| FLEEEEING.
  7089 | D:10     | 7089 ||| FLEEEEING.
  7172 | D:10     | Found a sacrificial altar of Ru.
  7233 | D:10     | 7233 ||| INVOKING Heroism.
  7236 | D:10     | Reached skill level 14 in Ranged Weapons
  7486 | D:10     | Reached XP level 11. HP: 99/99 MP: 13/13
  7524 | D:10     | 7524 ||| INVOKING Heroism.
  7532 | D:10     | Noticed Lodul
  7553 | D:10     | 7553 ||| INVOKING Heroism.
  7561 | D:10     | Killed Lodul
  7814 | D:10     | Found a portal to a secret trove of treasure.
  7815 | D:10     | 7815 ||| DRINKING 2 blue potions.
  7816 | D:10     | 7816 ||| DRINKING 2 clear potions.
  7934 | D:11     | Reached **** piety under Okawaru
  8011 | D:11     | Reached skill level 15 in Ranged Weapons
  8012 | D:11     | 8012 ||| INVOKING Heroism.
  8037 | D:11     | 8037 ||| INVOKING Heroism.
  8065 | D:11     | Noticed a boulder beetle
  8072 | D:11     | 8072 ||| INVOKING Heroism.
  8080 | D:11     | Killed a boulder beetle
  8244 | D:11     | Found a runed translucent door.
  8254 | D:11     | Found a basalt altar of Yredelemnul.
  8254 | D:11     | Noticed a +0 demon whip of pain
  8254 | D:11     | Noticed a +0 vampiric demon trident
  8256 | D:11     | Noticed a +2 demon blade of pain
  8265 | D:11     | 8265 ||| INVOKING Heroism.
  8370 | D:11     | 8370 ||| INVOKING Heroism.
  8375 | D:11     | Reached skill level 9 in Dodging
  8499 | D:11     | Found a staircase to the Lair.
  8512 | D:11     | Reached skill level 6 in Invocations
  8615 | D:11     | Noticed a white ugly thing
  8616 | D:11     | 8616 ||| INVOKING Heroism.
  8627 | D:11     | Killed a white ugly thing
  8829 | D:11     | 8829 ||| PLANNING LAIR
  8829 | D:11     | 8829 ||| READING 3 scrolls of identify.
  8829 | D:11     | 8829 ||| IDENTIFYING fizzy purple potion
  8830 | D:11     | 8830 ||| READING 2 scrolls of identify.
  8830 | D:11     | 8830 ||| IDENTIFYING smoky puce potion
  8831 | D:11     | 8831 ||| DROPPING potion of brilliance.
  8832 | D:11     | 8832 ||| DROPPING potion of invisibility.
  8866 | Lair:1   | Entered Level 1 of the Lair of Beasts
  8880 | Lair:1   | 8880 ||| INVOKING Heroism.
  8944 | Lair:1   | 8944 ||| INVOKING Heroism.
  9075 | Lair:1   | Reached XP level 12. HP: 96/106 MP: 16/16
  9128 | Lair:1   | Reached ***** piety under Okawaru
  9129 | Lair:1   | Reached skill level 16 in Ranged Weapons
  9143 | Lair:1   | 9143 ||| INVOKING Heroism.
  9237 | Lair:1   | 9237 ||| INVOKING Heroism.
  9278 | Lair:1   | 9278 ||| INVOKING Heroism.
  9330 | Lair:1   | 9330 ||| INVOKING Heroism.
  9636 | Lair:1   | 9636 ||| INVOKING Heroism.
  9853 | Lair:1   | 9853 ||| READING 2 scrolls labelled GOQIGIE DOACI.
  9954 | Lair:1   | 9954 ||| DRINKING 2 cyan potions.
  9955 | Lair:1   | 9955 ||| DROPPING scroll of silence.
  9987 | Lair:2   | 9987 ||| INVOKING Heroism.
 10000 | Lair:2   | 10000 ||| STAIRDANCE
 10001 | Lair:1   | HP: 25/108 [poisoned by a cane toad]
 10006 | Lair:1   | HP: 18/108 [poisoned by a cane toad]
 10011 | Lair:1   | HP: 15/108 [poisoned by a cane toad]
 10261 | Lair:2   | 10261 ||| INVOKING Heroism.
 10298 | Lair:2   | Noticed a four-headed hydra
 10299 | Lair:2   | 10299 ||| INVOKING Heroism.
 10331 | Lair:2   | Reached skill level 3 in Armour
 10349 | Lair:2   | Noticed a five-headed hydra
 10350 | Lair:2   | 10350 ||| INVOKING Heroism.
 10354 | Lair:2   | Killed a five-headed hydra
 10375 | Lair:2   | 10375 ||| Stepping ~*~*~tactically~*~*~ (outnumbered).
 10377 | Lair:2   | Reached skill level 9 in Invocations
 10382 | Lair:2   | Found a staircase to the Swamp.
 10418 | Lair:2   | 10418 ||| INVOKING Heroism.
 10421 | Lair:2   | 10421 ||| DRINKING 3 potions of cancellation.
 10425 | Lair:2   | 10425 ||| SWAPPING to +3 shortbow of flaming.
 10435 | Lair:2   | Killed a four-headed hydra
 10436 | Lair:2   | 10436 ||| SWAPPING to +1 orcbow.
 10438 | Lair:2   | HP: 24/110 [yak (6)]
 10441 | Lair:2   | HP: 9/110 [yak (4)]
 10763 | Lair:2   | 10763 ||| INVOKING Heroism.
 10768 | Lair:2   | Noticed a seven-headed hydra
 10778 | Lair:2   | 10778 ||| SWAPPING to +3 shortbow of flaming.
 10783 | Lair:2   | Killed a seven-headed hydra
 10784 | Lair:2   | 10784 ||| SWAPPING to +1 orcbow.
 11299 | Lair:2   | 11299 ||| READING scroll labelled VAXINYM PYUSUA.
 11326 | Lair:3   | 11326 ||| INVOKING Heroism.
 11410 | Lair:3   | Noticed a seven-headed hydra
 11411 | Lair:3   | 11411 ||| INVOKING Heroism.
 11418 | Lair:3   | 11418 ||| SWAPPING to +3 shortbow of flaming.
 11424 | Lair:3   | Killed a seven-headed hydra
 11425 | Lair:3   | Reached skill level 12 in Fighting
 11425 | Lair:3   | 11425 ||| SWAPPING to +1 orcbow.
 11647 | Lair:3   | 11647 ||| INVOKING Heroism.
 11679 | Lair:3   | 11679 ||| Stepping ~*~*~tactically~*~*~ (outnumbered).
 11697 | Lair:3   | 11697 ||| INVOKING Heroism.
 11706 | Lair:3   | Reached XP level 13. HP: 86/119 MP: 17/19
 11809 | Lair:3   | 11809 ||| READING scroll of enchant weapon.
 11809 | Lair:3   | 11809 ||| ENCHANTING +1 orcbow.
 11811 | Lair:3   | 11811 ||| INVOKING Heroism.
 11861 | Lair:3   | Found a hole to the Spider Nest.
 11877 | Lair:3   | 11877 ||| INVOKING Heroism.
 11882 | Lair:3   | Received a gift from Okawaru
 11883 | Lair:3   | 11883 ||| Stepping ~*~*~tactically~*~*~ (cloud).
 11889 | Lair:3   | 11889 ||| Stepping ~*~*~tactically~*~*~ (cloud).
 11975 | Lair:3   | 11975 ||| INVOKING Heroism.
 12018 | Lair:3   | Found a runed translucent gate.
 12019 | Lair:3   | Found a runed translucent gate.
 12020 | Lair:3   | Found a runed translucent gate.
 12181 | Lair:3   | 12181 ||| INVOKING Heroism.
 12624 | Lair:3   | 12624 ||| FLEEEEING.
 12625 | Lair:3   | 12625 ||| FLEEEEING.
 12626 | Lair:3   | 12626 ||| FLEEEEING.
 12627 | Lair:3   | 12627 ||| INVOKING Heroism.
 12739 | Lair:3   | Noticed qw's ghost (journeyman GrHu)
 12820 | Lair:4   | Noticed Rupert
 12821 | Lair:4   | 12821 ||| INVOKING Heroism.
 12834 | Lair:4   | Killed Rupert
 12835 | Lair:4   | 12835 ||| INVOKING Finesse.
 13143 | Lair:4   | Noticed Snorg
 13144 | Lair:4   | 13144 ||| INVOKING Heroism.
 13154 | Lair:4   | Killed Snorg
 13159 | Lair:4   | 13159 ||| DRINKING 3 potions of cancellation.
 13315 | Lair:4   | 13315 ||| INVOKING Heroism.
 13316 | Lair:4   | 13316 ||| INVOKING Finesse.
 13519 | Lair:4   | 13519 ||| FLEEEEING.
 13520 | Lair:4   | 13520 ||| FLEEEEING.
 13522 | Lair:4   | 13522 ||| INVOKING Heroism.
 13579 | Lair:4   | 13579 ||| INVOKING Heroism.
 13629 | Lair:4   | Found a snail-covered altar of Cheibriados.
 13677 | Lair:4   | 13677 ||| INVOKING Heroism.
 13701 | Lair:4   | 13701 ||| INVOKING Heroism.
 13706 | Lair:4   | 13706 ||| SWAPPING to +3 shortbow of flaming.
 13710 | Lair:4   | 13710 ||| SWAPPING to +2 orcbow.
 13827 | Lair:4   | 13827 ||| UPGRADING to +2 hat.
 13832 | Lair:4   | 13832 ||| READING scroll labelled XEAMAG DOENO.
 13849 | Lair:5   | Entered Level 5 of the Lair of Beasts
 13858 | Lair:5   | 13858 ||| INVOKING Heroism.
 13866 | Lair:5   | 13866 ||| Stepping ~*~*~tactically~*~*~ (cloud).
 13879 | Lair:5   | 13879 ||| Stepping ~*~*~tactically~*~*~ (cloud).
 13884 | Lair:5   | 13884 ||| Stepping ~*~*~tactically~*~*~ (cloud).
 13889 | Lair:5   | 13889 ||| Stepping ~*~*~tactically~*~*~ (cloud).
 13893 | Lair:5   | 13893 ||| Stepping ~*~*~tactically~*~*~ (cloud).
 13896 | Lair:5   | 13896 ||| Stepping ~*~*~tactically~*~*~ (cloud).
 13907 | Lair:5   | 13907 ||| Stepping ~*~*~tactically~*~*~ (cloud).
 13909 | Lair:5   | Reached skill level 12 in Dodging
 14085 | Lair:5   | 14085 ||| INVOKING Heroism.
 14093 | Lair:5   | 14093 ||| SWAPPING to +3 shortbow of flaming.
 14095 | Lair:5   | 14095 ||| SWAPPING to +2 orcbow.
 14194 | Lair:5   | 14194 ||| INVOKING Heroism.
 14359 | Lair:5   | Reached skill level 15 in Fighting
 14417 | Lair:5   | 14417 ||| INVOKING Heroism.
 14425 | Lair:5   | 14425 ||| SWAPPING to +3 shortbow of flaming.
 14428 | Lair:5   | 14428 ||| SWAPPING to +2 orcbow.
 14604 | Lair:5   | Found a burning altar of Makhleb.
 14605 | Lair:5   | 14605 ||| Stepping ~*~*~tactically~*~*~ (outnumbered).
 14607 | Lair:5   | 14607 ||| INVOKING Heroism.
 14611 | Lair:5   | 14611 ||| Stepping ~*~*~tactically~*~*~ (outnumbered).
 14620 | Lair:5   | 14620 ||| Stepping ~*~*~tactically~*~*~ (outnumbered).
 14641 | Lair:5   | Reached XP level 14. HP: 60/135 MP: 20/20
 14648 | Lair:5   | 14648 ||| INVOKING Finesse.
 14671 | Lair:5   | 14671 ||| INVOKING Heroism.
 14913 | Lair:5   | Found a gateway to Hell.
 15130 | Lair:5   | Found a staircase to the Slime Pits.
 15393 | Lair:5   | 15393 ||| INVOKING Heroism.
 15394 | Lair:5   | 15394 ||| INVOKING Finesse.
 15587 | Lair:5   | 15587 ||| PLANNING D
 15587 | Lair:5   | 15587 ||| UPGRADING to +0 pair of gloves.
 15592 | Lair:5   | 15592 ||| READING scroll labelled DUSTRE RETOO.
 15718 | D:12     | 15718 ||| FLEEEEING.
 15719 | D:12     | 15719 ||| FLEEEEING.
 15720 | D:12     | 15720 ||| FLEEEEING.
 15721 | D:12     | 15721 ||| FLEEEEING.
 15723 | D:12     | 15723 ||| STAIRDANCE
 15897 | D:12     | Reached skill level 6 in Armour
 15944 | D:12     | Noticed Urug
 15945 | D:12     | 15945 ||| INVOKING Heroism.
 15946 | D:12     | 15946 ||| INVOKING Finesse.
 15959 | D:12     | Killed Urug
 16082 | D:12     | 16082 ||| FLEEEEING.
 16083 | D:12     | 16083 ||| FLEEEEING.
 16084 | D:12     | 16084 ||| FLEEEEING.
 16085 | D:12     | 16085 ||| FLEEEEING.
 16088 | D:12     | 16088 ||| FLEEEEING.
 16089 | D:12     | 16089 ||| FLEEEEING.
 16097 | D:12     | Identified the +5 arbalest "Mecoclur" {heavy, rC++ rCorr
                  | Dex+2 SInv} (Okawaru gifted it to you on level 12 of the
                  | Dungeon)
 16097 | D:12     | Received a gift from Okawaru
 16141 | D:12     | 16141 ||| FLEEEEING.
 16185 | D:12     | 16185 ||| SWAPPING to +5 arbalest "Mecoclur" {heavy, rC++
                  | rCorr Dex+2 SInv}.
 16186 | D:12     | 16186 ||| REMOVING ring of resist corrosion.
 16187 | D:12     | 16187 ||| DROPPING +2 orcbow.
 16195 | D:12     | 16195 ||| Stepping ~*~*~tactically~*~*~ (water).
 16295 | D:12     | 16295 ||| READING scroll of acquirement.
 16295 | D:12     | 16295 ||| ACQUIRING +9 longbow of Capital Punishment
                  | {heavy, *Slow rF+ rN+ Str+3 SInv}
 16295 | D:12     | Acquired the +9 longbow of Capital Punishment {heavy, *Slow
                  | rF+ rN+ Str+3 SInv}
 16297 | D:12     | 16297 ||| SWAPPING to +9 longbow of Capital Punishment
                  | {heavy, *Slow rF+ rN+ Str+3 SInv}.
 16298 | D:12     | 16298 ||| DROPPING +5 arbalest "Mecoclur" {heavy, rC++
                  | rCorr Dex+2 SInv}.
 16301 | D:12     | Identified the +12 great mace "Vexzegi" {flame, rN+}
 16594 | D:12     | Noticed a fire giant
 16598 | D:12     | Killed a fire giant
 16610 | D:12     | Found a burning altar of Makhleb.
 16610 | D:12     | Noticed a cacodemon
 16726 | D:12     | 16726 ||| UPGRADING to scarf of repulsion.
 16736 | D:12     | 16736 ||| DROPPING amulet of magic regeneration.
 16737 | D:12     | 16737 ||| UPGRADING to ring of resist corrosion.
 16738 | D:12     | 16738 ||| READING scroll labelled EGOF LYGYE.
 16855 | D:13     | 16855 ||| INVOKING Heroism.
 16856 | D:13     | 16856 ||| INVOKING Finesse.
 16905 | D:13     | 16905 ||| DROPPING +3 shortbow of flaming.
 16926 | D:13     | 16926 ||| INVOKING Heroism.
 16927 | D:13     | 16927 ||| INVOKING Finesse.
 16930 | D:13     | 16930 ||| SWAPPING to +2 orcbow of flaming.
 16932 | D:13     | 16932 ||| SWAPPING to +9 longbow of Capital Punishment
                  | {heavy, *Slow rF+ rN+ Str+3 SInv}.
 16997 | D:13     | 16997 ||| INVOKING Heroism.
 17002 | D:13     | Reached skill level 17 in Ranged Weapons
 17091 | D:13     | Found a runed translucent door.
 17092 | D:13     | Found a shimmering altar of Xom.
 17092 | D:13     | Noticed Leinaam's ghost (journeyman MiBe)
 17471 | D:14     | 17471 ||| PLANNING GAUNTLET
 17583 | D:14     | Found a gate leading to a gauntlet.
 17584 | D:14     | 17584 ||| DROPPING ring of wizardry.
 17589 | Gauntlet | Entered a Gauntlet
 17589 | Gauntlet | Found a large runed translucent door.
 17589 | Gauntlet | Found a large runed translucent door.
 17589 | Gauntlet | Found a large runed translucent door.
 17589 | Gauntlet | Found a large runed translucent door.
 17589 | Gauntlet | Found a large runed translucent door.
 17589 | Gauntlet | Found a large runed translucent door.
 17589 | Gauntlet | Found a large runed translucent door.
 17589 | Gauntlet | Found a large runed translucent door.
 17589 | Gauntlet | Found a runed translucent door.
 17589 | Gauntlet | Found a runed translucent gate.
 17589 | Gauntlet | Found a transporter.
 17589 | Gauntlet | Found a transporter.
 17589 | Gauntlet | Found a runed translucent gate.
 17589 | Gauntlet | Found a transporter.
 17593 | Gauntlet | Found a transporter.
 17593 | Gauntlet | Found a transporter.
 17594 | Gauntlet | Found a transporter.
 17597 | Gauntlet | Found a runed translucent gate.
 17597 | Gauntlet | Found a runed translucent door.
 17598 | Gauntlet | Found a large runed translucent door.
 17598 | Gauntlet | Found a large runed translucent door.
 17607 | Gauntlet | Found a transporter.
 17617 | Gauntlet | Found a transporter.
 17646 | Gauntlet | Found a transporter.
 17663 | Gauntlet | Found a large runed translucent door.
 17663 | Gauntlet | Found a large runed translucent door.
 17666 | Gauntlet | Found a large runed translucent door.
 17666 | Gauntlet | Found a large runed translucent door.
 17667 | Gauntlet | Found a large runed translucent door.
 17668 | Gauntlet | Found a large runed translucent door.
 17719 | Gauntlet | Found a transporter.
 17723 | Gauntlet | Found a transporter.
 17737 | Gauntlet | Found a transporter.
 17806 | Gauntlet | 17806 ||| INVOKING Heroism.
 17870 | Gauntlet | 17870 ||| DROPPING +2 hat.
 17911 | Gauntlet | 17911 ||| Stepping randomly (stuck).
 17923 | Gauntlet | 17923 ||| DROPPING scarf of shadows.
 17938 | Gauntlet | 17938 ||| INVOKING Heroism.
 17940 | Gauntlet | 17940 ||| INVOKING Finesse.
 18074 | Gauntlet | Identified the +1 robe of the Harvest {rN+ Regen+ Int+2
                  | Dex+3}
 18100 | D:14     | 18100 ||| PLANNING D
 18257 | D:14     | Found an opulent altar of Gozag.
 18263 | D:14     | 18263 ||| Stepping ~*~*~tactically~*~*~ (outnumbered).
 18265 | D:14     | 18265 ||| Stepping ~*~*~tactically~*~*~ (outnumbered).
 18267 | D:14     | 18267 ||| Stepping ~*~*~tactically~*~*~ (outnumbered).
 18269 | D:14     | 18269 ||| Stepping ~*~*~tactically~*~*~ (outnumbered).
 18281 | D:14     | Reached XP level 15. HP: 139/147 MP: 21/21
 18289 | D:14     | 18289 ||| INVOKING Heroism.
 18294 | D:14     | Reached skill level 18 in Ranged Weapons
 18563 | D:14     | Found a gate to the Vaults.
 18608 | D:14     | Noticed Agnes
 18609 | D:14     | 18609 ||| INVOKING Heroism.
 18610 | D:14     | 18610 ||| INVOKING Finesse.
 18613 | D:14     | Killed Agnes
 18759 | D:14     | 18759 ||| INVOKING Heroism.
 18778 | D:14     | 18778 ||| INVOKING Heroism.
 19051 | D:14     | 19051 ||| UPGRADING to +1 pair of gloves.
 19061 | D:14     | 19061 ||| DROPPING +0 pair of gloves.
 19062 | D:14     | 19062 ||| READING 11 scrolls of identify.
 19062 | D:14     | 19062 ||| IDENTIFYING metallic golden potion
 19063 | D:14     | 19063 ||| DROPPING potion of lignification.
 19083 | D:15     | Entered Level 15 of the Dungeon
 19195 | D:15     | Noticed Louise
 19196 | D:15     | 19196 ||| INVOKING Heroism.
 19197 | D:15     | 19197 ||| INVOKING Finesse.
 19201 | D:15     | Killed Louise
 19275 | D:15     | 19275 ||| INVOKING Heroism.
 19290 | D:15     | Found a frozen archway.
 19327 | D:15     | 19327 ||| INVOKING Heroism.
 19444 | D:15     | 19444 ||| Stepping ~*~*~tactically~*~*~ (cloud).
 19575 | D:15     | Reached skill level 19 in Ranged Weapons
 19672 | D:15     | 19672 ||| INVOKING Heroism.
 19688 | D:15     | Found a staircase to the Depths.
 19749 | D:15     | Found Peomamit's Antique Armour Emporium.
 19759 | D:15     | 19759 ||| BUYING embroidered hat (259 gold).
 19759 | D:15     | Bought an embroidered hat for 259 gold pieces
 19759 | D:15     | 19759 ||| BUYING glowing leather armour (185 gold).
 19759 | D:15     | Bought a glowing leather armour for 185 gold pieces
 19759 | D:15     | 19759 ||| BUYING runed leather armour (185 gold).
 19759 | D:15     | Bought a runed leather armour for 185 gold pieces
 19774 | D:15     | 19774 ||| INVOKING Heroism.
 20022 | D:15     | 20022 ||| PLANNING ORC
 20022 | D:15     | 20022 ||| DROPPING +2 hat.
 20023 | D:15     | 20023 ||| DROPPING +1 leather armour of willpower.
 20197 | Orc:1    | Entered Level 1 of the Orcish Mines
 20200 | Orc:1    | Noticed Nergalle
 20213 | Orc:1    | 20213 ||| INVOKING Heroism.
 20217 | Orc:1    | Killed Nergalle
 20520 | Orc:2    | Entered Level 2 of the Orcish Mines
 20537 | Orc:2    | 20537 ||| Stepping ~*~*~tactically~*~*~ (outnumbered).
 20624 | Orc:1    | Noticed Sonja
 20625 | Orc:1    | 20625 ||| INVOKING Finesse.
 20627 | Orc:1    | Killed Sonja
 20964 | Orc:2    | 20964 ||| Stepping ~*~*~tactically~*~*~ (outnumbered).
 20967 | Orc:2    | 20967 ||| Stepping ~*~*~tactically~*~*~ (outnumbered).
 20969 | Orc:2    | 20969 ||| Stepping ~*~*~tactically~*~*~ (outnumbered).
 20970 | Orc:2    | 20970 ||| Stepping ~*~*~tactically~*~*~ (outnumbered).
 20971 | Orc:2    | 20971 ||| INVOKING Heroism.
 20972 | Orc:2    | 20972 ||| Stepping ~*~*~tactically~*~*~ (outnumbered).
 20974 | Orc:2    | 20974 ||| Stepping ~*~*~tactically~*~*~ (outnumbered).
 20975 | Orc:2    | 20975 ||| Stepping ~*~*~tactically~*~*~ (outnumbered).
 20977 | Orc:2    | 20977 ||| Stepping ~*~*~tactically~*~*~ (outnumbered).
 20978 | Orc:2    | 20978 ||| Stepping ~*~*~tactically~*~*~ (outnumbered).
 20980 | Orc:2    | 20980 ||| Stepping ~*~*~tactically~*~*~ (outnumbered).
 20982 | Orc:2    | 20982 ||| Stepping ~*~*~tactically~*~*~ (outnumbered).
 20983 | Orc:2    | 20983 ||| Stepping ~*~*~tactically~*~*~ (outnumbered).
 20984 | Orc:2    | 20984 ||| Stepping ~*~*~tactically~*~*~ (outnumbered).
 20986 | Orc:2    | 20986 ||| Stepping ~*~*~tactically~*~*~ (outnumbered).
 20987 | Orc:2    | 20987 ||| Stepping ~*~*~tactically~*~*~ (outnumbered).
 21006 | Orc:2    | 21006 ||| FLEEEEING.
 21007 | Orc:2    | 21007 ||| FLEEEEING.
 21008 | Orc:2    | 21008 ||| FLEEEEING.
 21009 | Orc:2    | 21009 ||| FLEEEEING.
 21010 | Orc:2    | 21010 ||| FLEEEEING.
 21011 | Orc:2    | 21011 ||| FLEEEEING.
 21012 | Orc:2    | 21012 ||| FLEEEEING.
 21013 | Orc:2    | 21013 ||| FLEEEEING.
 21014 | Orc:2    | 21014 ||| FLEEEEING.
 21015 | Orc:2    | 21015 ||| INVOKING Heroism.
 21019 | Orc:2    | Reached skill level 20 in Ranged Weapons
 21066 | Orc:2    | Found a staircase to the Elven Halls.
 21141 | Orc:2    | 21141 ||| INVOKING Heroism.
 21147 | Orc:2    | Received a gift from Okawaru
 21256 | Orc:2    | Found Botuidal's Weapon Shop.
 21256 | Orc:2    | Found Kittaah's Antique Armour Emporium.
 21258 | Orc:2    | Found Pysashe's Armour Shoppe.
 21260 | Orc:2    | Found Bofug's Book Boutique.
 21267 | Orc:2    | 21267 ||| BUYING +1 pair of boots "Yscheceip" {Will- rCorr
                  | Str+2 Int+5} (391 gold).
 21267 | Orc:2    | Bought the +1 pair of boots "Yscheceip" {Will- rCorr Str+2
                  | Int+5} for 391 gold pieces
 21377 | Orc:2    | 21377 ||| INVOKING Heroism.
 21528 | Orc:2    | 21528 ||| PLANNING SPIDER:1-3
 21729 | Spider:1 | Entered Level 1 of the Spider Nest
 21892 | Spider:1 | 21892 ||| INVOKING Heroism.
 22064 | Spider:1 | 22064 ||| INVOKING Heroism.
 22403 | Spider:1 | You fall into a shaft and drop 1 floor!
 22407 | Spider:2 | 22407 ||| INVOKING Heroism.
 22412 | Spider:2 | 22412 ||| Stepping ~*~*~tactically~*~*~ (outnumbered).
 22426 | Spider:2 | HP: 34/147 [poisoned by a wolf spider]
 22426 | Spider:2 | HP: 16/147 [redback (8)]
 22427 | Spider:2 | 22427 ||| READING 3 scrolls of teleportation.
 22427 | Spider:2 | HP: 5/147 [poisoned by a redback]
 22427 | Spider:2 | Slain by a ghost moth

Levels and vault maps discovered:
D:1:      dpeg_arrival_erosion, layout_rooms
D:2:      layout_basic
D:3:      layout_rooms, hex_intersection, kennysheep_boxes, uniq_terence
D:4:      minmay_chambers_of_fours, layout_cave_pods, trog_ov_bears_minmay
D:5:      layout_gridville, zin_academy
D:6:      layout_layer_cave, serial_glass, glass_columns_c, glass_columns_b,
          glass_columns_a, glass_columns_a, glass_columns_c, glass_columns_c,
          item_on_display_a, due_unseen_surprise, feat_on_display,
          item_on_display_a, minmay_stone_trees_medium
D:7:      layout_loops_cross, minmay_temple_entry_stoned_glass,
          eino_small_chamber_without_monster
D:8:      layout_cave_pools, lemuel_doored_altar,
          gammafunk_temple_overflow_claw, minmay_joined_circles
D:9:      layout_small_grid, hellmonk_ghost_happy_afterlife,
          corexii_checkpoint_a
D:10:     layout_irregular_city, lemuel_crystal_altar, orc_0_dummy,
          enter_trove_6, minmay_misc_feat_roman, uniq_lodul
D:11:     layout_small_grid, hellmonk_lair_entry_icy, nicolae_danse_macabre
D:12:     cheibrodos_monumental, layout_irregular_city,
          makhleb_altar_promises_db, uniq_urug
D:13:     layout_irregular_city, ebering_ghost_xom
D:14:     layout_stronghold, david_vaults_2, grunt_gozag_breadcrumbs,
          gauntlet_entry_generic, uniq_agnes
D:15:     gammafunk_enter_depths_forms, layout_gridville,
          portal_ice_cave_entry_pillars_four, serial_shops, nicolae_square_shop,
          bh_walls_and_bars, uniq_louise
Temple:   hellmonk_temple_two_chambers
Lair:1:   layout_regular_city, grunt_megastairs_3, serial_bayou_shore_b
Lair:2:   layout_hall_layers, palyth_hydra_swamp_entry, serial_bayou_shore_a
Lair:3:   layout_small_grid, spider_nest_entry_web_field, special_room
          [special_room_bee], gammafunk_ghost_icy
Lair:4:   layout_gridlike, kennysheep_snail_temple, uniq_snorg, uniq_rupert
Lair:5:   evil_forest, layout_regular_city, slime_entry_1, lemuel_fruit_fields
Spider:1: layout_spider_delve
Spider:2: layout_spider_delve
Orc:1:    layout_caves, nicolae_orc_tapped_out, uniq_sonja, uniq_nergalle
Orc:2:    st_orc_rangers, layout_diamond_mine, lightli_orcish_oven

Skill      XL: |  1  2  3  4  5  6  7  8  9 10 11 12 13 14 15 |
---------------+----------------------------------------------+-----
Ranged Weapons | 5 6 7 8 9 11 12 14 15 16 17 20 | 20.0
Fighting       | 3 4 5 7 9 10 12 15 17 | 17.0
Armour         | 1 2 3 5 6 |  6.3
Dodging        | 3 4 5 6 8 9 10 12 13 14 | 14.8
Invocations    | 2 4 7 10 | 10.0
Stealth        | |  0.7

Action                     |  1- 3 |  4- 6 |  7- 9 | 10-12 | 13-15 || total
---------------------------+-------+-------+-------+-------+-------++-------
   Fire: Shortbow          |   130 |   105 |   165 |    21 |     6 ||   427
         Orcbow            |       |       |   173 |   645 |   733 ||  1551
         Longbow           |       |       |       |       |   421 ||   421
         Arbalest          |       |       |       |       |    10 ||    10
 Invoke: Heroism           |       |       |     2 |    29 |    42 ||    73
         Finesse           |       |       |       |       |    11 ||    11
    Use: Scroll            |     5 |     3 |     8 |     6 |     7 ||    29
         Potion            |     1 |     2 |     2 |     7 |     1 ||    13
 Armour: Leather armour    |     4 |       |       |       |       ||     4
         Ring mail         |     9 |    18 |       |       |       ||    27
         Robe              |       |     2 |    23 |    61 |    99 ||   185
  Dodge: Dodged            |    23 |    28 |    76 |   311 |   696 ||  1134
         Repelled          |       |       |       |       |     3 ||     3
  Block: Other             |       |     2 |    28 |    82 |   145 ||   257
         Reflection        |       |       |     2 |     2 |    15 ||    19

Table legend:
 A = Non-vault XP
 B = Vault XP
 C = Vault XP percentage of total XP
 D = Non-vault monster count
 E = Vault monster count
 F = Vault count percentage of total count
                 A         B        C        D         E       F
            +---------+---------+-------+---------+---------+-------
      Total |   88889 |   55608 |  38.5 |     465 |     185 |  28.5
            +---------+---------+-------+---------+---------+-------
        D:1 |      35 |       0 |   0.0 |      23 |       0 |   0.0
        D:2 |      44 |       0 |   0.0 |      22 |       0 |   0.0
        D:3 |     110 |      38 |  25.7 |      19 |       1 |   5.0
        D:4 |     145 |     332 |  69.6 |      15 |       8 |  34.8
        D:5 |    1045 |       0 |   0.0 |      29 |       0 |   0.0
        D:6 |     610 |       0 |   0.0 |      16 |       0 |   0.0
        D:7 |    1256 |       0 |   0.0 |      30 |       0 |   0.0
        D:8 |     824 |    3201 |  79.5 |      15 |      11 |  42.3
        D:9 |     583 |       6 |   1.0 |       8 |       2 |  20.0
       D:10 |    2738 |    1824 |  40.0 |      18 |      10 |  35.7
       D:11 |    4711 |     747 |  13.7 |      15 |       4 |  21.1
       D:12 |    4135 |   11478 |  73.5 |      14 |      17 |  54.8
       D:13 |    5523 |       0 |   0.0 |      12 |       0 |   0.0
       D:14 |    9613 |    3055 |  24.1 |      22 |       4 |  15.4
       D:15 |    9294 |    6537 |  41.3 |      16 |      11 |  40.7
     Lair:1 |    5817 |    1890 |  24.5 |      27 |       4 |  12.9
     Lair:2 |    4826 |    3116 |  39.2 |      19 |       8 |  29.6
     Lair:3 |    8372 |    1796 |  17.7 |      27 |      25 |  48.1
     Lair:4 |    5741 |    3611 |  38.6 |      18 |       4 |  18.2
     Lair:5 |   11005 |   10033 |  47.7 |      31 |      26 |  45.6
   Spider:1 |    4629 |       0 |   0.0 |      13 |       0 |   0.0
   Spider:2 |    3662 |       0 |   0.0 |      10 |       0 |   0.0
      Orc:1 |    1839 |    1547 |  45.7 |      22 |       2 |   8.3
      Orc:2 |    2332 |    4382 |  65.3 |      24 |      42 |  63.6
   Gauntlet |       0 |    2015 | 100.0 |       0 |       6 | 100.0
            +---------+---------+-------+---------+---------+-------
